 Dungeon Crawl Stone Soup version 0.27-a0-1202-ge72e491 (webtiles) character file.

Game seed: 10624403020472259445

58 Meow the Chiller (level 4, 36/36 HPs)
             Began as a Naga Ice Elementalist on June 1, 2021.
             Quit the game on level 3 of the Dungeon.
             The game lasted 00:05:42 (1498 turns).

Meow the Chiller (Naga Ice Elementalist)            Turns: 1498, Time: 00:05:42

Health: 36/36      AC:  3    Str: 17    XL:     4   Next: 2%
Magic:  8/8        EV:  9    Int: 22    God:
Gold:   132        SH:  0    Dex: 11    Spells: 5/9 levels left

rFire    . . .     SeeInvis +   a - +2 dagger (venom)
rCold    . . .     Faith    .   (no shield)
rNeg     . . .     Spirit   .   b - +0 robe
rPois    +         Reflect  .   (no helmet)
rElec    .         Harm     .   (no cloak)
rCorr    .         Rampage  .   c - +0 pair of gloves
Will     .....                  (no barding)
Stlth    ++........             q - amulet of regeneration
HPRegen  1.12/turn              k - +6 ring of strength
MPRegen  0.11/turn              o - +6 ring of intelligence

@: short of breath, very slow
A: AC +1, large, see invisible, deformed body, poison resistance, slowness 2,
spit poison 1, naga tail 1
a: Spit Poison


You were on level 3 of the Dungeon.
You visited 1 branch of the dungeon, and saw 3 of its levels.

You collected 132 gold pieces.

Inventory:

Hand Weapons
 a - a +2 dagger of venom (weapon)
 e - a +0 trident
 i - a +1 dagger of venom
 p - a +0 war axe
Missiles
 d - 73 stones (quivered)
 f - 12 arrows
 m - 2 throwing nets
Armour
 b - a +0 robe (worn)
 c - a +0 pair of gloves (worn)
Jewellery
 j - an amulet of the acrobat
 k - a +6 ring of strength (left hand)
 o - a +6 ring of intelligence (right hand)
 q - an amulet of regeneration (around neck)
Scrolls
 h - a scroll of fog {unknown}
 l - 3 scrolls of identify {unknown}
 r - a scroll of teleportation {unknown}
Potions
 g - a potion of mutation {unknown}
 n - a potion of flight {unknown}


   Skills:
 - Level 1.5 Dodging
 + Level 3.0 Stealth
 + Level 3.0 Spellcasting
 + Level 4.8 Ice Magic


You had 5 spell levels left.
You knew the following spells:

 Your Spells              Type           Power      Damage    Failure   Level
a - Freeze                Ice            96%        1d11      1%          1
f - Frozen Ramparts       Ice            48%        1d6       5%          3

Your spell library contained the following spells:

 Spells                   Type           Power      Damage    Failure   Level
 Ozocubu's Armour         Ice            24%        N/A       5%          3
 Hailstorm                Conj/Ice       13%        3d5       41%         4
 Metabolic Englaciation   Hex/Ice        6%         N/A       77%         5


Dungeon Overview and Level Annotations

Branches:
Dungeon (3/15)

Altars:
Cheibriados
Hepliaklqana
Ru
Vehumet


Innate Abilities, Weirdness & Mutations

Your serpentine skin is tough. (AC +1)
You have supernaturally acute eyesight. (SInv)
Armour fits poorly on your strangely shaped body.
Your system is resistant to poisons. (rPois)
You cover ground very slowly.
You can spit poison.
You have a snake-like lower body.


Message History

A rat comes into view.
Press: ? - help, Shift-Dir - straight line, f - rat
Aim: a rat The splash of poison hits the rat!
The rat is poisoned.
You kill the rat!
Unknown command.
You have got your breath back.
You now have 132 gold pieces (gained 10).
Found three altars.
A bat comes into view.
Press: ? - help, Shift-Dir - straight line, f - bat
Aim: a bat The splash of poison hits the bat but does no damage.
The bat is poisoned.
The bat hits you. The bat hits you but does no damage.
Unknown command.
You hit the bat.
The bat is severely wounded.
The bat closely misses you.
You feel a bit more experienced.
You have reached level 4!
You feel stronger.
You have got your breath back.
There is a sacrificial altar of Ru here.
There is a snail-covered altar of Cheibriados here.
There is a hazy altar of Hepliaklqana here.
You coil in front of the altar of Hepliaklqana.
Unknown command.
Press < or > to pray at altars.
You open the door.
A bat comes into view.
There is an open door here.
Press: ? - help, Shift-Dir - straight line, f - bat
Aim: a bat (asleep)
The splash of poison hits the bat!
The bat is poisoned.
You kill the bat!
Unknown command.
A bat comes into view.
Found a stone staircase leading up.
A bat is nearby!
Are you sure you want to abandon this character and quit the game? (Confirm with "yes".)

###.....# #..#+##
#........ #......
###.._..... .......
#..._8_.... .......
#.......##. <....b.
######.....†.##. #......
#...##......###.
.....†.##...............
.......@'...............
.######.#........##.....
#.#.......###.....
..#.......# #.....
...................
+#..................
....##............#
..... ....... ###


You could see a bat (asleep).

Vanquished Creatures
  2 adders (D:2)
  A worm (D:2)
  3 ball pythons (D:1)
  5 endoplasms
  A giant cockroach (D:2)
  A goblin (D:2)
  3 hobgoblins (D:1)
  6 kobolds
  6 bats
  6 frilled lizards
  4 rats
38 creatures vanquished.

Notes
Turn   | Place    | Note
-------+----------+-------------------------------------------
     0 | D:1      | Meow the Naga Ice Elementalist began the quest for the Orb.
     0 | D:1      | Reached XP level 1. HP: 15/15 MP: 3/3
     3 | D:1      | Noticed a ghoul
     5 | D:1      | Noticed an octopode
     5 | D:1      | Noticed a dwarf
     7 | D:1      | Noticed a demonspawn
     7 | D:1      | Noticed a vine stalker
     9 | D:1      | Noticed a barachi
     9 | D:1      | Noticed a demigod
    11 | D:1      | Noticed a draconian
    13 | D:1      | Noticed a minotaur
    13 | D:1      | Noticed a felid
    15 | D:1      | Noticed a spriggan
    15 | D:1      | Noticed a vampire
    17 | D:1      | Noticed a human
    17 | D:1      | Noticed a tengu
    19 | D:1      | Noticed a formicid
    19 | D:1      | Noticed an ogre
    21 | D:1      | Noticed a troll
    21 | D:1      | Noticed a gargoyle
    23 | D:1      | Noticed a palentonga
    23 | D:1      | Noticed an elf
    25 | D:1      | Noticed a merfolk
    25 | D:1      | Noticed a naga
    27 | D:1      | Noticed a centaur
    84 | D:1      | Found a faded altar of an unknown god.
   171 | D:1      | Reached XP level 2. HP: 22/22 MP: 5/5
   875 | D:2      | Found a radiant altar of Vehumet.
   931 | D:2      | Reached XP level 3. HP: 28/28 MP: 6/6
   935 | D:2      | Learned a level 3 spell: Frozen Ramparts
  1474 | D:3      | Found a sacrificial altar of Ru.
  1474 | D:3      | Found a hazy altar of Hepliaklqana.
  1474 | D:3      | Found a snail-covered altar of Cheibriados.
  1479 | D:3      | Reached XP level 4. HP: 36/36 MP: 8/8
  1498 | D:3      | Quit the game

Illustrated notes

Levels and vault maps discovered:
D:1:      kb_arrival_jail, layout_loops_ring, shapermc_ecumenical_altar_venn,
          nrook_mini_backslash, minmay_misc_feat_rows
D:2:      minmay_wonky_spiral, layout_rooms, basic_altar, minmay_tromino_i4
D:3:      layout_basic, lightli_temple_of_fire,
          chequers_temple_overflow_statue_of_worship, grunt_ministairs_1

Skill      XL: |  1  2  3 |
---------------+----------+-----
Spellcasting   | 3 |  3.0
Dodging        | |  1.5
Stealth        | |  3.0
Ice Magic      | |  4.8

Action                   |  1- 3 |  4- 6 || total
-------------------------+-------+-------++-------
Melee: Trident           |     2 |       ||     2
       Dagger            |    29 |       ||    29
Throw: Stone             |     2 |       ||     2
 Cast: Freeze            |     6 |       ||     6
       Frozen Ramparts   |     5 |       ||     5
 Abil: Spit Poison       |    32 |     1 ||    33
Armor: Robe              |     9 |       ||     9
Dodge: Dodged            |    11 |       ||    11

Table legend: (Time is in decaauts)
 A = Elapsed time spent in this place.
 B = Non-inter-level travel time spent in this place.
 C = Inter-level travel time spent in this place.
 D = Time resting spent in this place.
 E = Time spent auto-exploring this place.
 F = Levels seen in this place.
 G = Mean time per level.
                   A        B        C        D        E       F      G
               +--------+--------+--------+--------+--------+-----+--------+
         Total |   1958 |   1936 |     22 |    177 |   1450 |   3 |  652.7 |
       Dungeon |   1958 |   1936 |     22 |    177 |   1450 |   3 |  652.7 |
               +--------+--------+--------+--------+--------+-----+--------+

Top non-repeatable levels by time:
     D:1: 1138 daAuts
     D:2: 664 daAuts
     D:3: 155 daAuts
